 Dungeon Crawl Stone Soup version 0.22-a0-776-ge6d7efa (webtiles) character file.

32145 sking99 the Fighter (level 13, 0/85 HPs)
             Began as a Gargoyle Earth Elementalist on July 18, 2018.
             Was a High Priest of Vehumet.
             Slain by a freezing wraith (1 damage)
             ... in an ice cave.
             The game lasted 00:48:27 (17850 turns).

sking99 the Fighter (Gargoyle Earth Elementalist)  Turns: 17850, Time: 00:48:28

Health: 0/85       AC: 23    Str: 12    XL:     13   Next: 62%
Magic:  19/36      EV: 15    Int: 24    God:    Vehumet [*****.]
Gold:   1229       SH:  0    Dex: 10    Spells: 11/32 levels left

rFire    . . .     SeeInvis .   y - staff of wizardry
rCold    . . .     Gourm    .   (no shield)
rNeg     + . .     Faith    .   H - +0 acid dragon scales
rPois    ∞         Spirit   .   G - +2 helmet
rElec    +         Reflect  .   P - +0 cloak
rCorr    +         Harm     .   j - +1 pair of gloves
MR       .....                  (no boots)
Stlth    +.........             k - amulet of the acrobat
HPRegen  0.24/turn              t - ring of magical power
MPRegen  0.25/turn              R - +3 ring of intelligence

@: no status effects
A: negative energy resistance 1, electricity resistance, unbreathing,
petrification resistance, rot immunity, AC +9
a: Renounce Religion


You were in an ice cave.
You worshipped Vehumet.
Vehumet was extremely pleased with you.
You were not hungry.

You visited 3 branches of the dungeon, and saw 16 of its levels.
You also visited: Labyrinth, Ossuary and Ice Cave.

You collected 1229 gold pieces.

Inventory:

Hand Weapons
 r - a +1 whip of venom
 O - a +3 flail of draining
Missiles
 b - 83 stones (quivered)
Armour
 j - a +1 pair of gloves (worn)
 G - a +2 helmet (worn)
 H - +0 acid dragon scales (worn)
 P - a +0 cloak (worn)
Magical Staves
 y - an uncursed staff of wizardry (weapon)
Jewellery
 k - an amulet of the acrobat (around neck)
 s - an uncursed ring of resist corrosion
 t - a ring of magical power (left hand)
 N - an uncursed ring of ice
 R - a +3 ring of intelligence (right hand)
Wands
 c - a wand of enslavement (8)
 e - a wand of polymorph (31)
 v - a wand of clouds (11)
 x - a wand of flame (18)
 K - a wand of digging (8)
 L - a wand of iceblast (25)
 M - a wand of acid (16)
 Q - a wand of paralysis (2)
Scrolls
 l - 10 scrolls of teleportation
 n - 3 scrolls of magic mapping
 p - 4 scrolls of enchant armour
 q - 4 scrolls of enchant weapon
 w - a scroll of fog
 A - 3 scrolls of immolation
 B - 4 scrolls of blinking
 I - 4 scrolls of amnesia
 J - a scroll of summoning
Potions
 a - 3 potions of cancellation
 f - 3 potions of mutation
 g - 2 potions of brilliance
 h - 3 potions of agility
 i - 2 potions of berserk rage
 m - 4 potions of heal wounds
 o - 3 potions of curing
 u - a potion of haste
 z - 2 potions of degeneration
 C - a potion of might
 D - 3 potions of resistance
 E - 2 potions of flight
 F - a potion of magic {unknown}
Comestibles
 d - 14 rations


   Skills:
 + Level 11.8 Fighting
 - Level 5.0 Armour
 - Level 10.0 Dodging
 - Level 2.1 Stealth
 - Level 10.0 Spellcasting
 - Level 8.0 Conjurations
 - Level 2.0 Necromancy
 - Level 4.0 Translocations
   Level 0.7 Transmutations
 - Level 10.0 Earth Magic


You had 11 spell levels left.
You knew the following spells:

 Your Spells              Type           Power        Failure   Level  Hunger
a - Sandblast             Erth           ######       1%          1    None
b - Stone Arrow           Conj/Erth      ######       1%          3    None
c - Lee's Rapid Deconstr  Erth           ######....   1%          5    ####...
d - Iskenderun's Battles  Conj/Chrm      ####....     4%          5    ####...
e - Blink                 Tloc           N/A          1%          2    None
f - Bolt of Draining      Conj/Necr      #####.....   3%          5    ####...

Your spell library contained the following spells:

 Spells                   Type           Power        Failure   Level  Hunger
 Magic Dart               Conj           ####         1%          1    None
 Conjure Flame            Conj/Fire      ####....     1%          3    None
 Slow                     Hex            ##......     4%          2    None
 Throw Frost              Conj/Ice       ####..       1%          2    None
 Mephitic Cloud           Conj/Pois/Air  ###.....     1%          3    None
 Freeze                   Ice            ##..         1%          1    None
 Summon Ice Beast         Ice/Summ       ##......     28%         4    #......
 Ozocubu's Armour         Chrm/Ice       ##......     9%          3    None
 Call Imp                 Summ           ##......     4%          2    None
 Throw Icicle             Conj/Ice       ####....     1%          4    #......
 Passwall                 Tmut/Erth      #####...     1%          2    None
 Petrify                  Tmut/Erth      #####...     3%          4    #......


Dungeon Overview and Level Annotations

Branches:
Dungeon (11/15)            Temple (1/1) D:5            Lair (4/6) D:11
  Swamp (0/4) Lair:3        Snake (0/4) Lair:3          Orc (0/2) D:9

Altars:
Ashenzari
Cheibriados
Dithmenos
Elyvilon
Fedhas
Gozag
Hepliaklqana
Kikubaaqudgha
Makhleb
Nemelex Xobeh
Okawaru
Qazlal
Ru
Sif Muna
Trog
Uskayaw
Vehumet
Wu Jian
Xom
Yredelemnul
Zin
The Shining One
Beogh

Shops:
D:9 *

Annotations:
D:4 3 runed doors, Ghella's ghost, amateur TrBe
D:11 3 runed doors, ThisFiasco's ghost, journeyman TrMo


Innate Abilities, Weirdness & Mutations

You are resistant to torment.
Your stone body is resilient. (AC +9)
You are immune to poison.
You resist negative energy. (rN+)
You are resistant to electric shocks. (rElec)
You can survive without breathing.
You are immune to petrification.
You are immune to rotting.


Message History

The freezing wraith freezes you! The freezing wraith closely misses you.
Casting: Sandblast (safe; 1% risk of failure)
Confirm with . or Enter, or press ? or * to list all spells.
Aiming: Sandblast (safe; 1% risk of failure)
Press: ? - help, Shift-Dir - straight line, f/p - freezing wraith
Aim: a freezing wraith (moderately damaged)
The blast of sand hits the freezing wraith.
The freezing wraith is moderately damaged.
b - 83 stones Your battlesphere fires!
The barrage of energy hits the freezing wraith.
The freezing wraith is heavily damaged.
The freezing wraith hits you. The freezing wraith freezes you!!
* * * LOW HITPOINT WARNING * * *
The freezing wraith barely misses you. The freezing wraith hits you!
* * * LOW HITPOINT WARNING * * *
The freezing wraith freezes you!
* * * LOW HITPOINT WARNING * * *
The freezing wraith hits you.
You die...

##.###...##
#..## .W...#
#..######
##..# .W...
##..## #..##
.Y... #...##
##..# ....
##...##
#..## ...#
##...####.##
##...##..#
##..#W.##
#.*@W.#
##...##
#####


You could see 2 freezing wraiths and a friendly battlesphere.

Vanquished Creatures
  A minotaur (Lab)
  4 hydras
  A centaur warrior (D:10)
  4 two-headed ogres
  An unseen horror (D:11)
  An ugly thing (D:11)
  6 elephants (Lair:4)
  3 black mambas
  6 spiny frogs
  6 gargoyles
  A rime drake (Lair:3)
  5 komodo dragons
  4 freezing wraiths (IceCv)
  A troll (D:9)
  3 hippogriffs
  4 blink frogs (Lair:2)
  A wraith (D:11)
  Eustachio (D:6)
  2 shadows (Lab)
  2 wyverns
  A steam dragon (D:9)
  A death yak simulacrum (IceCv)
  Menkaure (Ossuary)
  2 hungry ghosts
  18 yaks
  An acid dragon (D:9)
  2 water moccasins
  2 insubstantial wisps (D:9)
  4 nagas (Lair:3)
  A soldier ant (D:10)
  4 porcupines
  9 ice beasts
  An orc warrior (D:10)
  6 sky beasts
  A hornet zombie (D:11)
  6 ogres
  2 phantoms
  11 centaurs
  12 wolves
  7 crocodiles
  3 big kobolds
  10 bullfrogs
  2 wyvern zombies (D:7)
  4 scorpions
  An elephant simulacrum (IceCv)
  9 killer bees
  8 wights
  2 electric eels (Lair:3)
  5 howler monkeys
  4 crimson imps
  A bullfrog zombie (D:5)
  A centaur zombie (D:5)
  3 quasits
  5 hounds
  A jelly (D:5)
  5 orc wizards
  2 bullfrog skeletons
  2 centaur skeletons
  4 iguanas
  8 worker ants
  A polar bear simulacrum (IceCv)
  A wolf simulacrum (IceCv)
  2 mummies
  2 worker ant zombies
  7 gnolls (D:3)
  A howler monkey skeleton (D:10)
  9 adders
  3 shadow imps
  18 white imps
  An adder zombie (D:5)
  An adder skeleton (D:5)
  7 worms
  3 leopard geckos
  29 orcs
  4 giant cockroaches
  6 goblins
  9 hobgoblins
  23 jackals
  20 kobolds
  4 quokkas
  8 bats
  4 frilled lizards
  4 gnoll skeletons (Ossuary)
  2 gnoll zombies (Ossuary)
  4 goblin skeletons (Ossuary)
  4 goblin zombies
  A hobgoblin skeleton (Ossuary)
  7 hobgoblin zombies
  2 kobold skeletons (Ossuary)
  A kobold zombie (Ossuary)
  A leopard gecko skeleton (D:6)
  4 orc skeletons (Ossuary)
  3 orc zombies (Ossuary)
  A quokka skeleton (D:5)
  6 rats
  2 rat skeletons (Ossuary)
  2 rat zombies (Ossuary)
436 creatures vanquished.

Vanquished Creatures (others)
  2 mummies (Ossuary)
  A gnoll skeleton (Ossuary)
  A goblin zombie (Ossuary)
  A hobgoblin skeleton (Ossuary)
  2 hobgoblin zombies (Ossuary)
  2 kobold skeletons (Ossuary)
  2 kobold zombies (Ossuary)
  An orc skeleton (Ossuary)
  An orc zombie (Ossuary)
  3 rat skeletons (Ossuary)
  2 rat zombies (Ossuary)
  A plant (D:11)
19 creatures vanquished.

Grand Total: 455 creatures vanquished

Notes
Turn   | Place    | Note
-------+----------+-------------------------------------------
     0 | D:1      | sking99 the Gargoyle Earth Elementalist began the quest for the Orb.
     0 | D:1      | Reached XP level 1. HP: 10/10 MP: 3/3
   442 | D:1      | Reached XP level 2. HP: 13/15 MP: 5/5
  1170 | D:2      | Reached XP level 3. HP: 19/19 MP: 1/6
  1335 | D:2      | Learned a level 3 spell: Stone Arrow
  1468 | D:2      | Reached skill level 5 in Earth Magic
  1841 | D:2      | Reached XP level 4. HP: 24/24 MP: 4/8
  1906 | D:2      | Reached skill level 1 in Conjurations
  2672 | D:3      | Reached XP level 5. HP: 20/28 MP: 6/9
  3787 | D:3      | Learned a level 5 spell: Lee's Rapid Deconstruction
  3955 | D:4      | Reached XP level 6. HP: 32/32 MP: 0/10
  4244 | D:4      | Noticed a phantom
  4248 | D:4      | Killed a phantom
  4414 | D:4      | Reached XP level 7. HP: 24/36 MP: 6/12
  4612 | D:4      | Found a runed gate.
  4612 | D:4      | Noticed Ghella's ghost (amateur TrBe)
  4613 | D:4      | Found a runed gate.
  4614 | D:4      | Found a runed gate.
  4963 | D:4      | Found a roughly hewn altar of Beogh.
  5000 | D:5      | Entered Level 5 of the Dungeon
  5251 | D:5      | Found a staircase to the Ecumenical Temple.
  5328 | Temple   | Entered the Ecumenical Temple
  5412 | Temple   | Became a worshipper of Vehumet
  5472 | D:5      | Reached XP level 8. HP: 38/41 MP: 4/15
  5499 | D:5      | Reached skill level 5 in Spellcasting
  6346 | D:5      | Reached skill level 1 in Fighting
  6516 | D:6      | Noticed Eustachio
  6524 | D:6      | Killed Eustachio
  6531 | D:6      | Reached skill level 2 in Fighting
  6709 | D:6      | Reached * piety under Vehumet
  6709 | D:6      | Offered knowledge of Freeze by Vehumet.
  6709 | D:6      | Reached XP level 9. HP: 49/49 MP: 15/18
  6750 | D:6      | Found a glowing silver altar of Zin.
  7143 | D:6      | Reached skill level 3 in Fighting
  7378 | D:7      | Learned a level 2 spell: Blink
  7599 | D:7      | Reached skill level 10 in Earth Magic
  7751 | D:7      | Reached skill level 4 in Fighting
  7751 | D:7      | Reached skill level 5 in Dodging
  7774 | D:7      | Found a sand-covered staircase.
  7812 | Ossuary  | Entered an ossuary
  7875 | Ossuary  | Reached ** piety under Vehumet
  7880 | Ossuary  | Offered knowledge of Throw Frost by Vehumet.
  8093 | Ossuary  | Noticed Menkaure
  8095 | Ossuary  | Killed Menkaure
  8413 | D:8      | Found a blossoming altar of Fedhas.
  8463 | D:8      | Offered knowledge of Dazzling Spray by Vehumet.
  8463 | D:8      | Reached skill level 5 in Fighting
  8474 | D:8      | Reached XP level 10. HP: 59/59 MP: 17/19
  8523 | D:8      | Noticed a two-headed ogre
  8531 | D:8      | Killed a two-headed ogre
  8749 | D:8      | Noticed a two-headed ogre
  8763 | D:8      | Killed a two-headed ogre
  8763 | D:8      | Reached skill level 6 in Fighting
  8802 | D:8      | Reached *** piety under Vehumet
  9124 | D:8      | Found a basalt altar of Yredelemnul.
  9128 | D:8      | Noticed a gargoyle
  9130 | D:8      | Killed a gargoyle
  9140 | D:8      | Noticed a gargoyle
  9141 | D:8      | Killed a gargoyle
  9141 | D:8      | Reached skill level 7 in Fighting
  9197 | D:8      | Noticed a gargoyle
  9199 | D:8      | Killed a gargoyle
  9384 | D:8      | Noticed a gargoyle
  9389 | D:8      | Killed a gargoyle
  9566 | D:8      | Noticed a gargoyle
  9567 | D:8      | Killed a gargoyle
  9623 | D:8      | Reached XP level 11. HP: 68/68 MP: 18/20
 10064 | D:9      | Found Cetsoff's General Store.
 10093 | D:9      | Reached skill level 8 in Fighting
 10122 | D:9      | Found a staircase to the Orcish Mines.
 10143 | D:9      | Offered knowledge of Sticky Flame by Vehumet.
 10543 | D:9      | Reached skill level 1 in Translocations
 11077 | D:10     | Entered Level 10 of the Dungeon
 11313 | D:10     | Reached **** piety under Vehumet
 11395 | D:10     | Noticed a centaur warrior
 11399 | D:10     | Killed a centaur warrior
 11592 | D:10     | Noticed a two-headed ogre
 11603 | D:10     | Killed a two-headed ogre
 11721 | D:10     | Offered knowledge of Bolt of Draining by Vehumet.
 12110 | D:10     | Learned a level 5 spell: Bolt of Draining
 12363 | D:11     | Killed an unseen horror
 12363 | D:11     | Reached skill level 10 in Dodging
 12363 | D:11     | Reached skill level 1 in Necromancy
 12375 | D:11     | Found a runed gate.
 12463 | D:11     | Found a runed gate.
 12464 | D:11     | Found a runed gate.
 12464 | D:11     | Noticed a minotaur
 12465 | D:11     | Noticed a two-headed ogre
 12472 | D:11     | Noticed ThisFiasco's ghost (journeyman TrMo)
 12503 | D:11     | Found a staircase to the Lair.
 12673 | D:11     | Reached skill level 5 in Conjurations
 12738 | D:11     | Noticed an eight-headed hydra
 12747 | D:11     | Killed an eight-headed hydra
 12747 | D:11     | Reached XP level 12. HP: 73/73 MP: 17/23
 12791 | D:11     | Noticed a two-headed ogre
 12798 | D:11     | Killed a two-headed ogre
 13280 | Lair:1   | Entered Level 1 of the Lair of Beasts
 13280 | Lair:1   | Found a labyrinth entrance.
 13288 | Lab      | Entered a labyrinth
 13562 | Lab      | Noticed a minotaur
 13567 | Lab      | Killed a minotaur
 13664 | Lab      | Found the +8 demon blade "Bloodbane" {slice, *Rage +Rage Stlth-}
 14322 | Lair:1   | Reached skill level 10 in Spellcasting
 14666 | Lair:2   | Reached skill level 1 in Armour
 15609 | Lair:3   | Noticed a five-headed hydra
 15615 | Lair:3   | Killed a five-headed hydra
 15615 | Lair:3   | Reached skill level 9 in Fighting
 15615 | Lair:3   | Noticed a five-headed hydra
 15627 | Lair:3   | Killed a five-headed hydra
 15627 | Lair:3   | Reached ***** piety under Vehumet
 15627 | Lair:3   | Reached XP level 13. HP: 64/80 MP: 13/27
 15737 | Lair:3   | Reached skill level 5 in Armour
 15761 | Lair:3   | Offered knowledge of Iskenderun's Battlesphere by Vehumet.
 15767 | Lair:3   | Reached skill level 10 in Fighting
 15780 | Lair:3   | Learned a level 5 spell: Iskenderun's Battlesphere
 15997 | Lair:3   | Found a staircase to the Swamp.
 16153 | Lair:3   | Found a staircase to the Snake Pit.
 17084 | Lair:4   | Reached skill level 11 in Fighting
 17235 | Lair:4   | Found a frozen archway.
 17340 | IceCv    | Entered an ice cave
 17850 | IceCv    | HP: 1/85 [freezing wraith (16)]
 17850 | IceCv    | Slain by a freezing wraith

Vault maps used:
D:1:      matt_arrival_spirals, serial_park_tiny_1
D:2:      grunt_ministairs_5
D:3:      first_ration
D:4:      biasface_ghost_orc_armoury
D:5:      minmay_temple_entry_junction_2, minmay_fire_ice_demons
D:6:      basic_altar, uniq_eustachio
D:7:      nicolae_ossuary_entry_giza
D:8:      cheibrodos_statue_roulette, yredelemnul_altar_generic,
          serial_corexii_hall, corexii_hall_statues_x, corexii_hall_statues_i,
          corexii_hall_statues_u, fedhas_altar_3
D:9:      orc_0_dummy, serial_shops, nicolae_shop_behind_doors,
          hangedman_misty_isle
D:11:     david_lair_shrubbed, maelrawn_ghost_labyrinth_escape
Temple:   grunt_wide_crystal_templ
Lair:1:   lab_entry_generic
Lair:2:   serial_bayou_shore_a, infiniplex_staircase_pool_2
Lair:3:   swamp_mist, guppyfry_snake_entry_garden
Lair:4:   portal_ice_cave_entry_imps
Lab:      labyrinth_mini_lab, nicolae_lab_grate, nicolae_lab_garden,
          lab_fountain, nicolae_lab_flowing_pool, nicolae_lab_quarters
Ossuary:  ossuary_due_pyramid
IceCv:    ice_cave_small_necro

Skill      XL: |  1  2  3  4  5  6  7  8  9 10 11 12 13 |
---------------+----------------------------------------+-----
Earth Magic    | 4 5 6 8 9 10 | 10.0
Conjurations   | 1 2 3 4 5 6 8 |  8.0
Spellcasting   | 3 4 6 7 10 | 10.0
Dodging        | 3 5 8 10 | 10.0
Fighting       | 2 5 7 8 9 11 | 11.8
Translocations | 3 4 |  4.0
Necromancy     | 2 |  2.0
Armour         | 4 5 |  5.0
Stealth        | |  2.1
Transmutations | |  0.7

Action                   |  1- 3 |  4- 6 |  7- 9 | 10-12 | 13-15 || total
-------------------------+-------+-------+-------+-------+-------++-------
Melee: Dagger            |    86 |     1 |       |       |       ||    87
       Whip              |       |    52 |   287 |   202 |       ||   541
       Staff             |       |       |       |    11 |     5 ||    16
 Cast: Sandblast         |    40 |    49 |   101 |   168 |   118 ||   476
       Stone Arrow       |     1 |    24 |    13 |    51 |    23 ||   112
       Lee's Rapid Decon |       |       |     7 |    71 |    24 ||   102
       Blink             |       |       |       |     2 |       ||     2
       Bolt of Draining  |       |       |       |     1 |       ||     1
       Iskenderun's Batt |       |       |       |       |    24 ||    24
  Use: Scroll            |       |     6 |     8 |    11 |     3 ||    28
 Stab: Sleeping          |       |     3 |     3 |       |       ||     6
  Eat: Chunk             |     3 |    11 |     7 |    30 |     9 ||    60
       Ration            |       |       |     3 |     3 |     2 ||     8
Armor: Robe              |    35 |    27 |   150 |    93 |       ||   305
       Acid dragon scale |       |       |       |    77 |   100 ||   177
Dodge: Dodged            |    94 |    45 |   208 |   324 |   188 ||   859

Table legend:
 A = Spawn XP
 B = Non-spawn XP
 C = Spawn XP percentage of total XP
 D = Spawn monster count
 E = Non-spawn monster count
 F = Spawn count percentage of total count
 G = Total turns spent on level
                    A         B        C        D         E        F      G
               +---------+---------+-------+---------+---------+-------+---------
         Total |       0 |   45922 |   0.0 |       0 |     430 |   0.0 | 17850
               +---------+---------+-------+---------+---------+-------+---------
           D:1 |       0 |      28 |   0.0 |       0 |      18 |   0.0 |  1166
           D:2 |       0 |     123 |   0.0 |       0 |      33 |   0.0 |  1426
           D:3 |       0 |     158 |   0.0 |       0 |      26 |   0.0 |  1307
           D:4 |       0 |     336 |   0.0 |       0 |      16 |   0.0 |  1270
           D:5 |       0 |    1200 |   0.0 |       0 |      29 |   0.0 |  1186
           D:6 |       0 |    1069 |   0.0 |       0 |      17 |   0.0 |   949
           D:7 |       0 |    1199 |   0.0 |       0 |      18 |   0.0 |   589
           D:8 |       0 |    5487 |   0.0 |       0 |      42 |   0.0 |  1719
           D:9 |       0 |    2116 |   0.0 |       0 |      24 |   0.0 |  1042
          D:10 |       0 |    2743 |   0.0 |       0 |      25 |   0.0 |  1034
          D:11 |       0 |    6710 |   0.0 |       0 |      38 |   0.0 |  1169
        Lair:1 |       0 |    4292 |   0.0 |       0 |      18 |   0.0 |   986
        Lair:2 |       0 |    2612 |   0.0 |       0 |      10 |   0.0 |  1035
        Lair:3 |       0 |    7493 |   0.0 |       0 |      27 |   0.0 |  1097
        Lair:4 |       0 |    6110 |   0.0 |       0 |      37 |   0.0 |   563
           Lab |       0 |    1625 |   0.0 |       0 |       3 |   0.0 |   379
       Ossuary |       0 |     103 |   0.0 |       0 |      30 |   0.0 |   329
         IceCv |       0 |    2518 |   0.0 |       0 |      19 |   0.0 |   510
               +---------+---------+-------+---------+---------+-------+---------
